 Dungeon Crawl Stone Soup version 0.31-a0-963-ga325b2283a (webtiles) character file.

Game seed: 10809148225030056815

440 croobank the Ducker (level 7, -32/59 HPs)
             Began as a Gnoll Monk on Oct 24, 2023.
             Was a Believer of Ashenzari.
             Killed by an exploding gnoll (41 damage)
             ... ignited by their inner flame
             ... on level 4 of the Dungeon.
             The game lasted 00:14:36 (3975 turns).

croobank the Ducker (Gnoll Monk)                    Turns: 3975, Time: 00:14:37

Health: -32/59     AC:  9    Str: 10    XL:     7   Next: 2%
Magic:  10/10      EV: 15    Int: 12    God:    Ashenzari [**....]
Gold:   190        SH:  0    Dex: 14    Spells: 9/10 levels left

rFire   . . .        a - +1 short sword
rCold   . . .        (no shield)
rNeg    . . .        g - +0 robe
rPois   .            o - +2 helmet of the All-seeing Sun {Cun, Elem} (curse)
rElec   .            f - +0 cloak "Sun of the Astral Sage" {Alch, Comp} (curse)
rCorr   .            q - +2 pair of gloves "Profound Lethargy" {Dev, Range} (curse)
SInv    +            (no boots)
Will    .....        (no amulet)
Stlth   ++           (no ring)
HPRegen 0.29/turn    (no ring)
MPRegen 0.12/turn

%: no passive effects
@: no status effects
A: fangs 1, strong nose, distributed training
a: Renounce Religion, Shatter the Chains


You were on level 4 of the Dungeon.
You worshipped Ashenzari.
Ashenzari was pleased with you.
You visited 1 branch of the dungeon, and saw 4 of its levels.
You also visited: Sewer.

You collected 190 gold pieces.

Inventory:

Hand Weapons
 a - a +1 short sword (weapon)
 b - a +0 sling
 l - a +0 dagger
Missiles
 e - 5 atropa-tipped darts (quivered)
Armour
 d - an orb of light
 f - the cursed +0 cloak "Sun of the Astral Sage" (worn) {Alch, Comp}
   (You found it on level 1 of the Dungeon)

   It has a curse which improves the following skills: Alchemy: Poison Magic and
   Transmutations.
   Companions: Summonings and Necromancy.
 g - a +0 robe (worn)
 o - the cursed +2 helmet of the All-seeing Sun (worn) {Cun, Elem}
   (You found it on level 2 of the Dungeon)

   It has a curse which improves the following skills: Cunning: Dodging and
   Stealth.
   Elements:  Fire Magic, Ice Magic, Air Magic and Earth Magic.
 q - the cursed +2 pair of gloves "Profound Lethargy" (worn) {Dev, Range}
   (You found it on level 2 of the Dungeon)

   It has a curse which improves the following skills: Devices: Evocations and
   Shapeshifting.
   Ranged Combat: Ranged Weapons and Throwing.
Magical Staves
 j - a staff of fire
Scrolls
 h - a scroll of poison
 k - 2 scrolls of revelation
 p - 3 scrolls of noise
 r - 2 scrolls of identify
 u - a scroll of brand weapon
 v - a scroll of enchant weapon
 w - a scroll of vulnerability
 x - a scroll of fog
Potions
 c - 3 potions of ambrosia
 n - a potion of resistance
 s - 2 potions of heal wounds
 t - a potion of brilliance
 z - 5 potions of enlightenment


   Skills:
 + Level 6.9 Fighting
 + Level 6.9 Short Blades
 + Level 2.2 Long Blades
 + Level 2.2 Axes
 + Level 2.2 Maces & Flails
 + Level 2.2 Polearms
 + Level 2.2 Staves
 + Level 2.2(3.1) Ranged Weapons
 + Level 2.2(3.1) Throwing
 + Level 2.2 Armour
 + Level 6.9(8.1) Dodging
 + Level 2.2(3.1) Stealth
 + Level 2.2 Shields
 + Level 2.2 Unarmed Combat
 + Level 2.2 Spellcasting
 + Level 1.8 Conjurations
 + Level 1.8 Hexes
 + Level 1.8(2.6) Summonings
 + Level 1.8(2.6) Necromancy
 + Level 1.8 Translocations
 + Level 1.8(2.6) Transmutations
 + Level 1.8(2.6) Fire Magic
 + Level 1.8(2.6) Ice Magic
 + Level 1.8(2.6) Air Magic
 + Level 1.8(2.6) Earth Magic
 + Level 1.8(2.6) Poison Magic
 + Level 2.5 Invocations
 + Level 2.2(3.1) Evocations
 + Level 2.0(2.9) Shapeshifting


You had 9 spell levels left.
You knew the following spells:

 Your Spells              Type           Power      Damage    Failure   Level
a - Apportation           Tloc           10%        N/A       13%         1

Your spell library contained the following spells:

 Spells                   Type           Power      Damage    Failure   Level
 Necrotise                Necr           28%        1d5       9%          1
 Summon Small Mammal      Summ           28%        N/A       9%          1
 Lesser Beckoning         Tloc           10%        N/A       19%         2
 Gell's Gravitas          Tloc           5%         N/A       36%         3
 Teleport Other           Tloc           5%         N/A       36%         3
 Tukima's Dance           Hex            5%         N/A       36%         3
 Passage of Golubria      Tloc           5%         N/A       77%         4
 Yara's Violent Unravell  Hex/Tmut       3%         3d4       96%         5


Dungeon Overview and Level Annotations

Branches:
Dungeon (4/15)              Sewer (visited)
 Temple: D:4-7

Altars:
Ashenzari
Dithmenos

Annotations:
D:3 3 runed translucent doors, lunkers's ghost, amateur MeSh


Innate Abilities, Weirdness & Mutations

You have very sharp teeth.
Your uncanny sense of smell can sniff out nearby items.
Your experience applies equally to all skills.


Message History

The hound barely misses you. The hound bites you but does no damage.
The giant cockroach attacks as it pursues you!
The giant cockroach closely misses you. The hound attacks as it pursues you!
The hound barely misses you. The gnoll hits you but does no damage.
The hound misses you.
The giant cockroach bites you but does no damage.
The gnoll is no longer moving quickly.
The gnoll bouda barks out a call to the hunt!
The gnoll picks up the pace!
The hound attacks as it pursues you! The hound closely misses you.
You hear a shout!
The giant cockroach attacks as it pursues you!
The giant cockroach barely misses you. The hound bites you but does no damage.
There is a shaft here.
The hound falls through a shaft!
The shaft crumbles and collapses.
The gnoll closely misses you.
You hit the gnoll but do no damage.
A gnoll comes into view. It is wielding a +0 halberd.
The giant cockroach closely misses you. The hound misses you.
The gnoll hits you but does no damage.
The giant cockroach attacks as it pursues you!
The giant cockroach bites you but does no damage.
The gnoll shouts!
You hit the giant cockroach.
Flame seeps out of the giant cockroach.
The giant cockroach is severely wounded.
The gnoll is no longer moving quickly.
The hound bites you.
The giant cockroach is engulfed in blazing flames.
The giant cockroach explodes!
The fiery explosion engulfs the sleepcap!!
Flame seeps out of the sleepcap.
The sleepcap is almost destroyed.
The fiery explosion engulfs you!!
Ouch! That really hurt!
* * * LOW HITPOINT WARNING * * *
The fiery explosion engulfs the hound!!
The fiery explosion engulfs the gnoll!!
The gnoll explodes!
The fiery explosion engulfs the endoplasm!!
The fiery explosion engulfs you!!!
Ouch! That really hurt!
You die...

..............♣PP~P
...............~~~
..........g...♣ ..............♣♣
...............♣♣#
............gg...#♣♣.~
...............§§.♣♣.♣ .
..............§§§#♣P.♣♣###.
..............f○@.........
.....###########§.......# #.##.#
#........# #.##.##### #........#
#
#.#......#######........########.
.....(...##.............#........
###......##.......#.._.§#........
.....######.......##.§§##........
..#### #.......#######........


You could see a sleepcap (inner flame), a gnoll bouda (inner flame) and 2
gnolls.

Vanquished Creatures
  An ogre (D:4)
  2 hounds (D:4)
  A sleepcap (D:3)
  5 gnolls
  10 adders
  6 river rats
  4 worms
  2 dart slugs
  5 endoplasms
  10 giant cockroaches
  8 goblins
  10 hobgoblins
  2 jackals (Sewer)
  9 quokkas
  9 ball pythons
  6 bats
  6 frilled lizards
  8 kobolds
  8 rats
112 creatures vanquished.

Notes
Turn   | Place    | Note
-------+----------+-------------------------------------------
     0 | D:1      | croobank the Gnoll Monk began the quest for the Orb.
     0 | D:1      | Reached XP level 1. HP: 23/23 MP: 1/1
   192 | D:1      | Reached XP level 2. HP: 29/29 MP: 2/2
   215 | D:1      | Learned a level 1 spell: Apportation
   352 | D:1      | Reached XP level 3. HP: 33/35 MP: 3/3
   714 | D:2      | Reached skill level 1 in Invocations
   759 | D:2      | Reached skill level 1 in Long Blades
   759 | D:2      | Reached skill level 1 in Axes
   759 | D:2      | Reached skill level 1 in Maces & Flails
   759 | D:2      | Reached skill level 1 in Polearms
   759 | D:2      | Reached skill level 1 in Staves
   759 | D:2      | Reached skill level 1 in Ranged Weapons
   759 | D:2      | Reached skill level 1 in Throwing
   759 | D:2      | Reached skill level 1 in Armour
   759 | D:2      | Reached skill level 1 in Stealth
   759 | D:2      | Reached skill level 1 in Shields
   759 | D:2      | Reached skill level 1 in Unarmed Combat
   759 | D:2      | Reached skill level 1 in Spellcasting
   759 | D:2      | Reached skill level 1 in Evocations
   770 | D:2      | Reached skill level 1 in Shapeshifting
   770 | D:2      | Reached XP level 4. HP: 41/41 MP: 5/5
   842 | D:2      | Found a faded altar of an unknown god.
  1143 | D:2      | Reached skill level 1 in Conjurations
  1143 | D:2      | Reached skill level 1 in Hexes
  1143 | D:2      | Reached skill level 1 in Summonings
  1143 | D:2      | Reached skill level 1 in Necromancy
  1143 | D:2      | Reached skill level 1 in Translocations
  1143 | D:2      | Reached skill level 1 in Transmutations
  1143 | D:2      | Reached skill level 1 in Fire Magic
  1143 | D:2      | Reached skill level 1 in Ice Magic
  1143 | D:2      | Reached skill level 1 in Air Magic
  1143 | D:2      | Reached skill level 1 in Earth Magic
  1143 | D:2      | Reached skill level 1 in Poison Magic
  1424 | D:3      | Found a runed translucent gate.
  1425 | D:3      | Found a runed translucent gate.
  1425 | D:3      | Found a runed translucent gate.
  1543 | D:2      | Prayed at the altar of an unknown god.
  1543 | D:2      | Became a worshipper of Ashenzari the Shackled
  1564 | D:2      | Reached * piety under Ashenzari
  1591 | D:3      | Reached XP level 5. HP: 23/47 MP: 5/7
  2301 | D:3      | Noticed lunkers's ghost (amateur MeSh)
  2346 | D:4      | Reached ** piety under Ashenzari
  2565 | D:4      | Noticed an ogre
  2582 | D:4      | Killed an ogre
  2583 | D:4      | Reached XP level 6. HP: 25/53 MP: 8/8
  2613 | D:4      | Found a shadowy altar of Dithmenos.
  2993 | D:4      | Found a glowing drain.
  2997 | Sewer    | Entered a sewer
  3948 | D:4      | Reached XP level 7. HP: 52/59 MP: 10/10
  3975 | D:4      | Killed by an exploding gnoll... ignited by their inner
                  | flame

Illustrated notes

Levels and vault maps discovered:
D:1:      dpeg_arrival_triangle_fractal, layout_rooms, minmay_domino_2
D:2:      layout_basic, basic_ecumenical_altar, due_unseen_surprise
D:3:      layout_loops_cross, gammafunk_ghost_necromancy
D:4:      layout_basic, grunt_dithmenos_smoke, minmay_temple_entry_proselytizer,
          serial_bayou, serial_bayou_crossing, serial_bayou_ford_a,
          serial_bayou_lagoon_a, serial_bayou_pond_c, gup_sewer_entry_spiral,
          ebering_ghost_sewer_f

Skill      XL: |  1  2  3  4  5  6 |
---------------+-------------------+-----
Invocations    | 1 2 |  2.5
Long Blades    | 1 2 |  2.2
Axes           | 1 2 |  2.2
Maces & Flails | 1 2 |  2.2
Polearms       | 1 2 |  2.2
Staves         | 1 2 |  2.2
Ranged Weapons | 1 2 |  2.2
Throwing       | 1 2 |  2.2
Armour         | 1 2 |  2.2
Stealth        | 1 2 |  2.2
Shields        | 1 2 |  2.2
Unarmed Combat | 1 2 |  2.2
Spellcasting   | 1 2 |  2.2
Evocations     | 1 2 |  2.2
Shapeshifting  | 1 2 |  2.0
Conjurations   | 1 |  1.8
Hexes          | 1 |  1.8
Summonings     | 1 |  1.8
Necromancy     | 1 |  1.8
Translocations | 1 |  1.8
Transmutations | 1 |  1.8
Fire Magic     | 1 |  1.8
Ice Magic      | 1 |  1.8
Air Magic      | 1 |  1.8
Earth Magic    | 1 |  1.8
Poison Magic   | 1 |  1.8
Fighting       | |  6.9
Short Blades   | |  6.9
Dodging        | |  6.9

Action                     |  1- 3 |  4- 6 |  7- 9 || total
---------------------------+-------+-------+-------++-------
  Melee: Short sword       |   137 |   478 |    16 ||   631
         Bite              |    18 |    65 |       ||    83
         Punch             |       |     4 |     1 ||     5
  Throw: Dart              |       |     3 |       ||     3
 Invoke: Curse Item        |       |     3 |       ||     3
    Use: Potion            |     4 |     1 |       ||     5
         Scroll            |       |     1 |     2 ||     3
   Stab: Invisible         |       |     1 |       ||     1
         Sleeping          |       |     1 |       ||     1
 Armour: Robe              |    32 |   137 |    21 ||   190
         Skin              |     7 |     5 |       ||    12
  Dodge: Dodged            |    78 |   263 |    22 ||   363

Table legend: (Time is in decaauts)
 A = Elapsed time spent in this place.
 B = Non-inter-level travel time spent in this place.
 C = Inter-level travel time spent in this place.
 D = Time resting spent in this place.
 E = Time spent auto-exploring this place.
 F = Levels seen in this place.
 G = Mean time per level.
                   A        B        C        D        E       F      G
               +--------+--------+--------+--------+--------+-----+--------+
         Total |   3932 |   3590 |    342 |    244 |   1982 |   5 |  786.4 |
       Dungeon |   2989 |   2647 |    342 |     86 |   1655 |   4 |  747.2 |
         Sewer |    942 |    942 |      0 |    158 |    327 |   1 |  942.0 |
               +--------+--------+--------+--------+--------+-----+--------+

Top non-repeatable levels by time:
     D:3: 955 daAuts
   Sewer: 942 daAuts
     D:2: 827 daAuts
     D:4: 663 daAuts
     D:1: 543 daAuts
